AoeStats
← Unclefly

Arabia

503785648Analyzed
3v3 RM · 1mo ago on Sep 2, 2026· 24m 9s· 6 players
Game mode
Random Map
Map size
Normal (6 player)
Population
200
Speed
Normal
Resources
Standard
Victory
Conquest
Starting age
Dark Age
Ending age
Imperial Age
RankedLock teamsTeams togetherTeam positionsShared explorationLock speedFull tech treeHidden civsTurbo modeCheats
Victory
Defeat
🇨🇳 Wei · China
945
+41
🇵🇱 Vietnamese · Poland
942
+14
🇬🇧 Bulgarians · United Kingdom
919
+15
🇻🇳 Turks · Vietnam
923
-45
🇻🇳 Franks · Vietnam
923
-45
🇻🇳 Burgundians · Vietnam
855
-32
Donelson
8:05 Loom
10:37 Feudal Age
12:50 Arson
21:34 Castle Age
20:03 Double-Bit Axe
20:33 Scale Mail Armor
21:50 Forging
21:30 Horse Collar
21:55 Elite Skirmisher
22:54 Gambesons
23:27 Chain Mail Armor
24:19 Town Watch
bdcn
6:00 Loom
8:51 Feudal Age
7:07 Loom
9:32 Double-Bit Axe
14:45 Horse Collar
20:49 Castle Age
19:21 Gold Mining
19:36 Fletching
20:28 Padded Archer Armor
20:50 Bloodlines
21:32 Bodkin Arrow
22:19 Husbandry
23:41 Wheelbarrow
24:12 Leather Archer Armor
.TwM
6:24 Loom
11:39 Feudal Age
13:14 Wheelbarrow
12:24 Horse Collar
12:32 Double-Bit Axe
13:10 Gold Mining
14:12 Town Watch
18:04 Stone Mining
19:00 Fletching
21:23 Forging
21:13 Scale Mail Armor
22:34 Scale Mail Armor
26:28 Castle Age
Unclefly
0:41 Loom
11:06 Feudal Age
9:35 Double-Bit Axe
10:59 Wheelbarrow
11:32 Horse Collar
.
0:34 Loom
10:51 Feudal Age
12:15 Wheelbarrow
11:30 Double-Bit Axe
17:02 Horse Collar
Độc Nhĩ Vương
2:58 Loom
11:21 Feudal Age
25:49 Castle Age
Connection lost

Rejoining the realm…

Still unreachable

The connection could not be restored.

Session expired

The server has moved on; the page needs a fresh start.